Map: Ley Lines

Players

KimChiLoVer - Winner!

  • Race: Terran Terran
  • Spawn Location: 1:00

VOD

Have the link to the VOD?

Description

Time

  • Played on: Aug. 10, 2025, 8:58 p.m.
  • Length: 10:08
Show
View Real Time Build Order
Export as new Build Order

KimChiLoVer Terran - Winner!

Build Orders: Reaper Expand 

Get SALT Encoding   

  12  0:02  SCV  
  12  0:14  SCV  
  12  0:17  Supply Depot  
  12  0:26  SCV  
  12  0:38  SCV  
  12  0:40  Barracks  
  12  0:44  Refinery  
  12  0:51  SCV  
  12  1:03  SCV  
  12  1:15  SCV  
  12  1:27  Orbital Command  
  12  1:28  Reaper  
  12  1:39  Command Center  
  12  1:53  SCV, Supply Depot  
  12  2:01  Marine  
  12  2:05  SCV  
  12  2:08  Factory  
  12  2:17  SCV  
  12  2:19  Refinery  
  12  2:22  Barracks Reactor  
  12  2:29  SCV  
  12  2:31  Barracks  
  12  2:41  Barracks, SCV  
  12  2:52  Orbital Command  
  12  2:53  SCV  
  12  2:58  Factory Tech Lab  
  12  3:00  Marine  
  12  3:01  Marine  
  12  3:11  SCV  
  12  3:28  SCV  
  12  3:31  Command Center  
  12  3:33  SCV  
  12  3:42  Factory Reactor  
  12  3:43  Starport  
  12  3:44  Marine x2  
  12  3:49  Stimpack  
  12  3:55  Engineering Bay  
  12  3:58  Engineering Bay  
  12  4:02  Marine  
  12  4:12  SCV x2  
  12  4:15  Supply Depot  
  12  4:20  Barracks  
  12  4:24  Barracks  
  12  4:30  SCV  
  12  4:31  SCV  
  12  4:34  Factory Tech Lab  
  12  4:39  Terran Infantry Armor Level 1, Terran Infantry Weapons Level 1  
  12  4:42  SCV  
  12  4:44  Orbital Command  
  12  4:49  SCV  
  12  4:50  Refinery  
  12  4:55  Marine x2  
  12  4:56  Marine  
  12  4:57  Medivac  
  12  5:01  Medivac  
  12  5:12  SCV x2  
  12  5:13  SCV  
  12  5:14  Barracks Tech Lab  
  12  5:15  Barracks Tech Lab  
  12  5:18  Barracks Reactor  
  12  5:22  Supply Depot  
  12  5:24  SCV x2, Armory  
  12  5:25  SCV  
  12  5:31  Refinery  
  12  5:34  Combat Shield, Concussive Shells  
  12  5:36  SCV  
  12  5:37  SCV x2  
  12  5:48  SCV, Orbital Command  
  12  5:53  SCV, Supply Depot  
  12  5:54  Supply Depot  
  12  5:55  Marine x3  
  12  5:56  Marine x2, Marauder  
  12  6:01  Medivac x2  
  12  6:08  Marine  
  12  6:13  Barracks, Marine x2  
  12  6:14  Barracks  
  12  6:15  Barracks  
  12  6:20  SCV  
  12  6:21  SCV  
  12  6:22  SCV  
  12  6:30  Siege Tank  
  12  6:31  Marine x2  
  12  6:32  SCV  
  12  6:33  SCV  
  12  6:34  SCV  
  12  6:37  Terran Infantry Weapons Level 2  
  12  6:41  Terran Infantry Armor Level 2  
  12  6:44  SCV  
  12  6:46  SCV  
  12  6:48  Refinery  
  12  6:49  SCV  
  12  6:50  Marine x4  
  12  6:56  SCV  
  12  6:57  Terran Vehicle And Ship Armor Level 1  
  12  7:06  Supply Depot  
  12  7:12  Command Center  
  12  7:17  Viking  
  12  7:20  Barracks Tech Lab x2, Supply Depot  
  12  7:21  Barracks Reactor  
  12  7:23  Supply Depot  
  12  7:25  Marine, Starport, Marauder x2  
  12  7:27  SCV  
  12  7:35  Supply Depot  
  12  7:36  Marine x3  
  12  7:37  Marine, Supply Depot  
  12  7:41  Marine, Marauder  
  12  7:47  Marine, Marauder x2  
  12  7:54  Marine, Supply Depot x2  
  12  7:57  Liberator  
  12  7:59  Liberator  
  12  8:03  Starport Reactor  
  12  8:04  Marine x2  
  12  8:07  SCV  
  12  8:09  SCV x2  
  12  8:13  Marine x4  
  12  8:19  SCV, Supply Depot  
  12  8:21  SCV  
  12  8:22  Supply Depot  
  12  8:24  Marauder x2  
  12  8:26  Siege Tank  
  12  8:32  SCV  
  12  8:33  SCV  
  12  8:39  Marine x2  
  12  8:40  Marine x2, Marauder x2  
  12  8:43  Marine  
  12  8:44  Marine  
  12  8:45  Viking  
  12  8:48  Viking  
  12  8:52  Medivac x2  
  12  8:58  Siege Tank  
  12  8:59  Orbital Command  
  12  9:02  Refinery  
  12  9:03  Marauder x2  
  12  9:04  Marine  
  12  9:11  Supply Depot  
  12  9:12  SCV x2  
  12  9:13  SCV, Supply Depot  
  12  9:19  Marine x6  
  12  9:21  Marauder  
  12  9:24  SCV  
  12  9:30  Siege Tank  
  12  9:31  Viking  
  12  9:32  Marine  
  12  9:38  Marine x2, Marauder x2  
  12  9:40  SCV  
  12  9:46  Supply Depot  
  12  9:47  Marine x3, Marauder x2  
Tags
 
Add a new tag
Caveats
  • Supply blocks, unpowered buildings, or Contaminate may cause inaccurate times.
  • Supply counts are checked every 10 seconds.